 Dungeon Crawl Stone Soup version 0.24-a0-271-ga0fc33f (webtiles) character file.

Game seed: 6427668779943750634

13234 gruber the Archer (level 11, -10/97 HPs)
             Began as a Centaur Hunter on Apr 23, 2019.
             Was a High Priest of Okawaru.
             Mangled by a white ugly thing (20 damage)
             ... on level 12 of the Dungeon.
             The game lasted 00:25:51 (13158 turns).

gruber the Archer (Centaur Hunter)                 Turns: 13158, Time: 00:25:52

Health: -10/97     AC: 15    Str: 18    XL:     11   Next: 72%
Magic:  11/11      EV: 10    Int: 10    God:    Okawaru [*****.]
Gold:   721        SH:  0    Dex: 12    Spells: 10/10 levels left

rFire    . . .     SeeInvis .   a - +1 shortbow
rCold    . . .     Gourm    .   (shield currently unavailable)
rNeg     . . .     Faith    +   U - +0 troll leather armour
rPois    .         Spirit   .   (no helmet)
rElec    .         Reflect  .   M - +1 cloak
rCorr    +         Harm     .   E - +0 pair of gloves (curse)
MR       +....                  V - +1 centaur barding "Ikhledy" {Str+2}
Stlth    +.........             I - amulet of faith
HPRegen  0.66/turn              G - ring of resist corrosion
MPRegen  0.12/turn              R - ring of protection from magic

@: marked, very quick
A: large, hooves 3, deformed body, speed 2, tough skin 3
a: Heroism, Finesse, Renounce Religion


You were on level 12 of the Dungeon.
You worshipped Okawaru.
Okawaru was extremely pleased with you.
You were hungry.

You visited 2 branches of the dungeon, and saw 13 of its levels.

You collected 886 gold pieces.
You spent 165 gold pieces at shops.

Inventory:

Hand Weapons
 a - a +1 shortbow (weapon)
 k - a +1 glaive
 u - a +3 short sword of holy wrath
 v - a +2 flail of protection
 L - a +0 vampiric glaive
Missiles
 g - 87 arrows (quivered)
 K - 2 javelins
Armour
 E - a cursed +0 pair of gloves (worn)
 M - a +1 cloak (worn)
 U - a +0 troll leather armour (worn)
 V - the +1 centaur barding "Ikhledy" (worn) {Str+2}
   (Okawaru gifted it to you on level 11 of the Dungeon)

   It affects your strength (+2).
Jewellery
 q - a +3 ring of intelligence
 y - an uncursed ring of magical power
 G - a ring of resist corrosion (left hand)
 I - an amulet of faith (around neck)
 R - a ring of protection from magic (right hand)
 T - an uncursed amulet of the acrobat {unknown}
 X - an uncursed ring of protection from cold {unknown}
Wands
 w - a wand of flame (9)
 x - a wand of random effects (12)
 z - a wand of paralysis (7)
 O - a wand of iceblast (6)
Scrolls
 b - 8 scrolls of enchant armour {unknown}
 c - 2 scrolls of enchant weapon {unknown}
 e - 13 scrolls of identify {unknown}
 i - 6 scrolls of teleportation {unknown}
 j - 10 scrolls of remove curse {unknown}
 m - 3 scrolls of fog {unknown}
 r - 3 scrolls of amnesia {unknown}
 t - a scroll of immolation {unknown}
 F - a scroll of noise {unknown}
 H - a scroll of magic mapping {unknown}
 J - 3 scrolls of random uselessness {unknown}
 Q - a scroll of fear {unknown}
 S - a scroll of acquirement {unknown}
Potions
 d - a potion of magic {unknown}
 h - 6 potions of lignification {unknown}
 l - 3 potions of cancellation {unknown}
 n - 4 potions of agility {unknown}
 o - 2 potions of haste {unknown}
 p - 2 potions of resistance {unknown}
 s - 2 potions of heal wounds {unknown}
 A - 3 potions of brilliance
 C - 2 potions of curing
 D - 3 potions of ambrosia {unknown}
 N - a potion of flight
 P - a potion of invisibility {unknown}
 W - a potion of berserk rage {unknown}
Miscellaneous
 B - a fan of gales (inert)
Comestibles
 f - 16 rations


   Skills:
 - Level 9.0 Fighting
 - Level 5.0 Maces & Flails
 * Level 14.9 Bows
 - Level 6.0 Armour
 - Level 6.2 Dodging
 - Level 0.4 Stealth
 - Level 0.3 Invocations


You had 10 spell levels left.
You didn't know any spells.
Your spell library contained the following spells:

 Spells                   Type           Power        Failure   Level  Hunger
 Freeze                   Ice            #...         41%         1    ##.....
 Throw Frost              Conj/Ice       #.....       54%         2    ###....
 Ozocubu's Armour         Chrm/Ice       #.......     78%         3    ####...
 Summon Ice Beast         Ice/Summ       #.......     99%         4    #####..
 Throw Icicle             Conj/Ice       #.......     99%         4    #####..


Dungeon Overview and Level Annotations

Branches:
Dungeon (12/15)            Temple (1/1) D:4            Lair (0/6) D:9
    Orc (0/2) D:10

Altars:
Ashenzari
Dithmenos
Elyvilon
Fedhas
Gozag
Kikubaaqudgha
Nemelex Xobeh
Okawaru
Ru
Sif Muna
Trog
Uskayaw
Vehumet
Wu Jian
Yredelemnul
Zin

Shops:
D:8 %!}   D:9 [

Annotations:
D:5 2 transporters, 5 runed translucent doors, Blork the orc
D:12 Erolcha


Innate Abilities, Weirdness & Mutations

You have hooves in place of feet.
Armour fits poorly on your strangely shaped body.
You cover ground very quickly.
You have extremely tough skin. (AC +3)


Message History

The puff of flame hits you but does no damage.
You miss something. You kick something.
Something hits you but does no damage. x3
The white ugly thing trunk-slaps you but does no damage.
Something hits you but does no damage. The white ugly thing trunk-slaps you.
* * * LOW HITPOINT WARNING * * *
The white ugly thing freezes you!
* * * LOW HITPOINT WARNING * * *
Unknown command.
You feel better. Something hits you but does no damage. Something hits you.
* * * LOW HITPOINT WARNING * * *
Something hits you but does no damage.
Erolcha gestures wildly while chanting.
Erolcha seems to speed up.
An orc priest comes into view. It is wielding a +0 war axe.
A sky beast comes into view.
The orc wizard hits you but does no damage.
The white ugly thing trunk-slaps you.
* * * LOW HITPOINT WARNING * * *
The white ugly thing freezes you!!
You die...

..........#....
....(..........
...(.......###
..(...#......## ..o
.(............## ..
......[..(.....# ##.# .
..........(....# #o. O.
......."..<(...### #.# ...
.........(....({@###.###..?.
...............#ou..oO.Y.)..
...............#.o...H......
..............###...........
[....##.....## #########...
..## #######


You could see a white ugly thing, Erolcha, a hippogriff, a sky beast, an orc
priest, an orc wizard and an orc.

Vanquished Creatures
  A hydra (D:11)
  2 two-headed ogres
  2 ugly things (D:11)
  A water nymph (shapeshifter) (D:11)
  2 trolls (D:11)
  Grinder (D:5)
  2 hippogriffs
  3 wraiths (D:11)
  A human (shapeshifter) (D:11)
  3 yaks (D:11)
  Grum (D:11)
  2 hungry ghosts
  A basilisk (D:11)
  A water moccasin (D:11)
  A black bear (D:9)
  3 porcupines (D:9)
  4 ice beasts
  3 sky beasts
  8 orc warriors
  5 ogres
  2 necrophages
  2 wolves (D:11)
  5 centaurs
  13 bullfrogs
  4 big kobolds
  A wyvern skeleton (D:10)
  3 scorpions
  A killer bee (D:11)
  5 wights
  An electric eel (D:11)
  6 howler monkeys
  5 bullfrog zombies
  7 crimson imps
  6 orc priests
  10 hounds
  Crazy Yiuf (D:7)
  3 centaur skeletons
  A jelly (D:11)
  14 orc wizards
  6 bullfrog skeletons
  10 worker ants
  3 iguanas
  Terence (D:3)
  A hound zombie (D:4)
  2 hound skeletons
  A worker ant zombie (D:4)
  12 adders
  A shadow imp (D:8)
  2 oozes
  3 adder zombies (D:4)
  3 adder skeletons
  6 worms
  3 dart slugs
  8 leopard geckos
  69 orcs
  2 ball pythons
  9 bats
  4 giant cockroaches
  5 goblins
  12 hobgoblins
  11 jackals
  3 quokkas
  A ball python skeleton (D:5)
  4 frilled lizards
  A giant cockroach zombie (D:4)
  A jackal skeleton (D:4)
  14 kobolds
  A leopard gecko skeleton (D:4)
  2 leopard gecko zombies (D:4)
  2 quokka skeletons
  5 rats
345 creatures vanquished.

Vanquished Creatures (others)
  An orc wizard (D:4)
1 creature vanquished.

Grand Total: 346 creatures vanquished

Notes
Turn   | Place    | Note
-------+----------+-------------------------------------------
     0 | D:1      | gruber the Centaur Hunter began the quest for the Orb.
     0 | D:1      | Reached XP level 1. HP: 17/17 MP: 1/1
    72 | D:1      | Reached skill level 6 in Bows
    72 | D:1      | Reached XP level 2. HP: 22/24 MP: 2/2
   298 | D:1      | Reached XP level 3. HP: 17/29 MP: 3/3
   729 | D:2      | Reached skill level 7 in Bows
   892 | D:2      | Reached XP level 4. HP: 20/36 MP: 4/4
  1448 | D:2      | Reached skill level 8 in Bows
  1777 | D:3      | Noticed Terence
  1780 | D:3      | Killed Terence
  1780 | D:3      | Reached XP level 5. HP: 41/41 MP: 5/5
  2368 | D:4      | Reached skill level 9 in Bows
  2864 | D:4      | Reached XP level 6. HP: 39/48 MP: 6/6
  2872 | D:4      | Found a white marble altar of Elyvilon.
  3089 | D:4      | Reached skill level 10 in Bows
  3466 | D:4      | Found a staircase to the Ecumenical Temple.
  3483 | Temple   | Entered the Ecumenical Temple
  3580 | Temple   | Became a worshipper of Warmaster Okawaru
  4018 | D:5      | Entered Level 5 of the Dungeon
  4018 | D:5      | Noticed Grinder
  4085 | D:5      | Found an opulent altar of Gozag.
  4085 | D:5      | Found a sacrificial altar of Ru.
  4086 | D:5      | Found a deep blue altar of Sif Muna.
  4091 | D:5      | Noticed an acid dragon
  4161 | D:5      | Noticed an ice beast
  4196 | D:5      | Killed an ice beast
  4196 | D:5      | Reached skill level 11 in Bows
  4196 | D:5      | Reached XP level 7. HP: 55/55 MP: 7/7
  4298 | D:5      | Found a transporter.
  4305 | D:5      | Found a transporter.
  4649 | D:5      | Found the +9 staff of Olgreb {rPois}
  4651 | D:5      | Found a runed translucent door.
  4655 | D:5      | Noticed Blork the orc
  4656 | D:5      | Found a runed translucent gate.
  4656 | D:5      | Found a runed translucent gate.
  4657 | D:5      | Found a runed translucent door.
  4672 | D:5      | Killed Grinder
  4672 | D:5      | Reached * piety under Okawaru
  4672 | D:5      | Reached skill level 1 in Maces & Flails
  4672 | D:5      | Reached skill level 12 in Bows
  4730 | D:5      | Found a runed translucent gate.
  4920 | D:6      | Reached XP level 8. HP: 38/61 MP: 8/8
  5184 | D:6      | Reached skill level 13 in Bows
  5216 | D:6      | Reached ** piety under Okawaru
  5367 | D:6      | Found a shattered altar of Ashenzari.
  5371 | D:6      | Saw a vision of the Shoals and the Spider Nest.
  5371 | D:6      | Noticed a merfolk
  5371 | D:6      | Noticed a merfolk
  5371 | D:6      | Noticed a merfolk siren
  5371 | D:6      | Noticed a hippogriff
  5371 | D:6      | Noticed a hippogriff
  5371 | D:6      | Noticed a hornet
  5372 | D:6      | Noticed a merfolk
  5372 | D:6      | Noticed a wolf spider
  5373 | D:6      | Noticed a merfolk
  5541 | D:6      | You fall through a shaft!
  5682 | D:7      | Reached skill level 14 in Bows
  6354 | D:7      | Reached XP level 9. HP: 64/67 MP: 9/9
  6623 | D:7      | Reached *** piety under Okawaru
  6991 | D:7      | Received a gift from Okawaru
  7049 | D:7      | Reached skill level 5 in Maces & Flails
  7213 | D:7      | Found a runed translucent door.
  7407 | D:7      | Noticed Crazy Yiuf
  7549 | D:7      | Killed Crazy Yiuf
  7969 | D:8      | Found Hexitwau's Distillery.
  7978 | D:8      | Bought a potion of curing for 45 gold pieces
  7978 | D:8      | Bought a potion of degeneration for 15 gold pieces
  7978 | D:8      | Bought a potion of brilliance for 60 gold pieces
  7978 | D:8      | Bought a potion of flight for 45 gold pieces
  8017 | D:8      | Reached skill level 5 in Fighting
  8053 | D:8      | Found Eskoheme's Food Shoppe.
  8290 | D:8      | Reached **** piety under Okawaru
  8348 | D:8      | Found Kiseniu's Gadget Shoppe.
  8571 | D:9      | Found Qygeen's Armour Shoppe.
  8664 | D:9      | Reached XP level 10. HP: 84/84 MP: 10/10
  9139 | D:9      | Noticed a centaur warrior
  9159 | D:9      | Reached ***** piety under Okawaru
  9166 | D:9      | Received a gift from Okawaru
  9350 | D:9      | Found a staircase to the Lair.
  9719 | D:10     | Entered Level 10 of the Dungeon
 10245 | D:10     | Noticed a two-headed ogre
 10274 | D:10     | Killed a two-headed ogre
 10274 | D:10     | Received a gift from Okawaru
 10359 | D:10     | Received a gift from Okawaru
 10466 | D:10     | Found a staircase to the Orcish Mines.
 10893 | D:11     | Reached skill level 5 in Dodging
 11293 | D:11     | Received a gift from Okawaru
 11307 | D:11     | Got an ancient centaur barding {god gift}
 11313 | D:11     | Identified the +1 centaur barding "Ikhledy" {Str+2}
                  | (Okawaru gifted it to you on level 11 of the Dungeon)
 11356 | D:11     | Noticed a water nymph
 11370 | D:11     | Reached XP level 11. HP: 97/97 MP: 8/11
 11607 | D:11     | Reached skill level 1 in Armour
 11608 | D:11     | Noticed a green ugly thing
 11614 | D:11     | Noticed a two-headed ogre
 11637 | D:11     | Killed a green ugly thing
 11709 | D:11     | Killed a two-headed ogre
 11818 | D:11     | Noticed a brown ugly thing
 11907 | D:11     | Killed a brown ugly thing
 12085 | D:11     | Noticed Grum
 12104 | D:11     | Killed Grum
 12355 | D:11     | Noticed a five-headed hydra
 12423 | D:11     | Killed a five-headed hydra
 12423 | D:11     | Received a gift from Okawaru
 12423 | D:11     | Reached skill level 5 in Armour
 13118 | D:12     | Noticed a white ugly thing
 13151 | D:12     | Noticed Erolcha
 13158 | D:12     | Mangled by a white ugly thing

Levels and vault maps discovered:
D:1:      grunt_arrival_lava_bath, layout_basic
D:2:      layout_loops_ring
D:3:      layout_basic, first_ration, uniq_terence
D:4:      layout_loops_ring, minmay_temple_entry_metal_lava, serial_undead,
          serial_undead_d, serial_undead_e, serial_undead_a, serial_undead_f,
          elyvilon_altar_5
D:5:      layout_basic, gammafunk_temple_overflow_arena,
          minmay_guarded_unrand_staff_of_olgreb, uniq_grinder,
          uniq_blork_the_orc
D:6:      layout_loops_ring, grunt_ashenzari_visionary
          [grunt_ashenzari_visionary_shoals, grunt_ashenzari_visionary_spider]
D:7:      layout_cave_pools, kennysheep_generic_room_5, uniq_crazy_yiuf_cottage
D:8:      layout_basic, serial_shops, nicolae_shop_waterfront,
          nicolae_shop_temple_entry_statues_fountains,
          nicolae_shop_temple_entry_statues_fountains
D:9:      layout_irregular_city, grunt_lair_entry_orc_guard_hut, serial_shops,
          shop
D:10:     layout_long_grid, hiddenorc1_lemuel
D:11:     hangedman_cross_cluster, layout_basic, uniq_grum
D:12:     layout_rooms, basic_altar, blue_anna_alchemist
          [blue_anna_fruit_fields, blue_anna_fruit_fields], grunt_ministairs_15,
          minmay_st_funbox, onia_ninara_cookie, uniq_erolcha
Temple:   regret_index_temple_mists

Skill      XL: |  1  2  3  4  5  6  7  8  9 10 11 |
---------------+----------------------------------+-----
Bows           | 6 7 8 9 11 12 14 | 14.9
Maces & Flails | 1 2 5 |  5.0
Fighting       | 6 9 |  9.0
Dodging        | 5 6 |  6.2
Armour         | 6 |  6.0
Stealth        | |  0.4
Invocations    | |  0.3

Action                   |  1- 3 |  4- 6 |  7- 9 | 10-12 || total
-------------------------+-------+-------+-------+-------++-------
Melee: Short sword       |    96 |     1 |    18 |       ||   115
       Kick              |    10 |     2 |     7 |     1 ||    20
       Flail             |       |    14 |     5 |     3 ||    22
       Shortbow          |       |       |     1 |     2 ||     3
 Fire: Shortbow          |    22 |   294 |   545 |   832 ||  1693
Throw: Javelin           |       |       |     2 |     2 ||     4
Invok: Heroism           |       |       |     5 |     8 ||    13
Evoke: Wand              |       |       |     1 |       ||     1
       Fan of gales      |       |       |       |     1 ||     1
  Use: Potion            |       |       |       |     1 ||     1
  Eat: Chunk             |       |     7 |     7 |    10 ||    24
       Ration            |       |       |     1 |       ||     1
Armor: Leather armour    |    50 |    43 |    30 |    37 ||   160
       Troll leather arm |       |       |       |    29 ||    29
Dodge: Dodged            |    52 |    52 |    61 |    84 ||   249

Table legend:
 A = Non-vault XP
 B = Vault XP
 C = Vault XP percentage of total XP
 D = Non-vault monster count
 E = Vault monster count
 F = Vault count percentage of total count
                 A         B        C        D         E       F
            +---------+---------+-------+---------+---------+-------
      Total |   13435 |    5471 |  28.9 |     281 |      65 |  18.8
            +---------+---------+-------+---------+---------+-------
        D:1 |      46 |       0 |   0.0 |      20 |       0 |   0.0
        D:2 |     127 |       0 |   0.0 |      24 |       0 |   0.0
        D:3 |      46 |      32 |  41.0 |      17 |       1 |   5.6
        D:4 |     228 |     153 |  40.2 |      25 |      12 |  32.4
        D:5 |     436 |     277 |  38.8 |      11 |       1 |   8.3
        D:6 |     593 |       0 |   0.0 |      16 |       0 |   0.0
        D:7 |    1546 |     296 |  16.1 |      32 |       4 |  11.1
        D:8 |    1524 |       0 |   0.0 |      41 |       0 |   0.0
        D:9 |    1267 |     552 |  30.3 |      28 |       4 |  12.5
       D:10 |    2086 |     218 |   9.5 |      28 |      17 |  37.8
       D:11 |    5536 |    3943 |  41.6 |      39 |      26 |  40.0
            +---------+---------+-------+---------+---------+-------
